2687 views
Uploaded 2020-03-06 14:09:47
Game version 1.32.2
27:12 long 4on4 ladder game on (8)MarketSquare
Saved by iggythefisk
2687 views
Uploaded 2020-03-06 14:09:47
Game version 1.32.2
27:12 long 4on4 ladder game on (8)MarketSquare


130 units @ 13.9k
/ 1.1k
238 buildings @ 14k
/ 6.8k

| Circlet of Nobility | 1 | 175 |
| total: | 1 | 175g |
| Peasant | 9 | 675 | / | 0 |
| Footman | 4 | 540 | / | 0 |
| Rifleman | 13 | 2665 | / | 390 |
| Gryphon Rider | 3 | 840 | / | 210 |
| total: | 29 | 4720g | / | 600w |
| Scout Tower | 1 | 30 | / | 20 |
| Altar of Kings | 1 | 180 | / | 50 |
| Farm | 9 | 720 | / | 180 |
| Barracks | 1 | 160 | / | 60 |
| Blacksmith | 1 | 140 | / | 60 |
| Lumber Mill | 1 | 120 | / | 0 |
| Gryphon Aviary | 1 | 140 | / | 150 |
| Keep | 1 | 320 | / | 210 |
| Castle | 1 | 360 | / | 210 |
| total: | 15 | 1490g | / | 520w |
| 0:09 | Peasant |
| 0:09 | Peasant |
| 0:12 | Altar of Kings |
| 0:16 | Farm |
| 0:20 | Peasant |
| 0:38 | Barracks |
| 0:58 | Peasant |
| 1:02 | Peasant |
| 1:20 | Farm |
| 1:37 | Peasant |
| 1:44 | Blacksmith |
| 1:48 | Footman |
| 2:01 | Footman |
| 2:09 | Peasant |
| 2:27 | Farm |
| 2:33 | Footman |
| 2:39 | Devotion Aura |
| 3:05 | Keep |
| 3:22 | Rifleman |
| 3:40 | Rifleman |
| 3:53 | Farm |
| 4:33 | Rifleman |
| 4:33 | Rifleman |
| 4:45 | Lumber Mill |
| 5:15 | Holy Light |
| 5:59 | Peasant |
| 6:01 | Black Gunpowder |
| 6:02 | Studded Leather Armor |
| 6:10 | Farm |
| 6:20 | Castle |
| 6:36 | Long Rifles |
| 7:08 | Divine Shield |
| 7:22 | Rifleman |
| 7:22 | Rifleman |
| 7:25 | Farm |
| 7:28 | Improved Lumber Harvesting |
| 7:30 | Rifleman |
| 7:32 | Refined Gunpowder |
| 8:22 | Rifleman |
| 8:27 | Farm |
| 8:50 | Gryphon Aviary |
| 8:55 | Rifleman |
| 9:07 | Farm |
| 9:32 | Imbued Gunpowder |
| 9:46 | Advanced Lumber Harvesting |
| 9:52 | Footman |
| 10:27 | Gryphon Rider |
| 10:30 | Iron Forged Swords |
| 10:55 | Animal War Training |
| 11:01 | Rifleman |
| 11:05 | Storm Hammers |
| 11:16 | Farm |
| 11:40 | Circlet of Nobility |
| 11:43 | Devotion Aura |
| 11:51 | Rifleman |
| 13:06 | Rifleman |
| 13:09 | Gryphon Rider |
| 13:11 | Rifleman |
| 13:42 | Peasant |
| 13:46 | Steel Forged Swords |
| 13:49 | Gryphon Rider |
| 14:14 | Scout Tower |
| Right click | 181 |
| Select | 162 |
| Build/train/purchase | 51 |
| Chat | 18 |
| Use ability | 12 |
| Minimap ping | 7 |
| Misc. action | 4 |
| Remove unit | 1 |



| Orb of Venom | 1 | 325 |
| Potion of Healing | 1 | 150 |
| Potion of Mana | 1 | 200 |
| Staff of Teleportation | 3 | 450 |
| Boots of Speed | 3 | 750 |
| Circlet of Nobility | 2 | 350 |
| Periapt of Vitality | 1 | 325 |
| Staff of Sanctuary | 3 | 750 |
| total: | 15 | 3300g |
| Wisp | 28 | 1680 | / | 0 |
| Hippogryph | 16 | 2560 | / | 320 |
| total: | 44 | 4240g | / | 320w |
| Altar of Elders | 1 | 180 | / | 50 |
| Moon Well | 8 | 1440 | / | 320 |
| Hunter's Hall | 1 | 210 | / | 100 |
| Ancient of Wonders | 3 | 270 | / | 90 |
| Tree of Life | 3 | 1020 | / | 555 |
| Ancient of Wind | 1 | 150 | / | 140 |
| Tree of Ages | 1 | 320 | / | 180 |
| Tree of Eternity | 1 | 330 | / | 200 |
| total: | 17 | 3270g | / | 1255w |
| 0:03 | Wisp |
| 0:04 | Wisp |
| 0:06 | Altar of Elders |
| 0:10 | Moon Well |
| 0:26 | Wisp |
| 0:26 | Wisp |
| 0:37 | Moon Well |
| 0:45 | Wisp |
| 0:57 | Wisp |
| 1:15 | Wisp |
| 1:15 | Wisp |
| 1:15 | Wisp |
| 1:24 | Wisp |
| 1:32 | Wisp |
| 1:42 | Wisp |
| 1:42 | Wisp |
| 1:50 | Wisp |
| 1:59 | Wisp |
| 2:06 | Entangling Roots |
| 2:15 | Wisp |
| 3:13 | Wisp |
| 3:13 | Wisp |
| 4:25 | Tree of Ages |
| 4:27 | Hunter's Hall |
| 4:32 | Ancient of Wonders |
| 4:35 | Ancient of Wonders |
| 5:31 | Ultravision |
| 5:44 | Moon Well |
| 5:48 | Moon Well |
| 6:09 | Staff of Teleportation |
| 6:09 | Boots of Speed |
| 6:10 | Circlet of Nobility |
| 6:48 | Tree of Life |
| 6:50 | Thorns Aura |
| 8:06 | Tree of Eternity |
| 8:34 | Trueshot Aura |
| 9:32 | Wisp |
| 9:32 | Wisp |
| 9:33 | Wisp |
| 9:33 | Wisp |
| 9:33 | Wisp |
| 10:32 | Ancient of Wonders |
| 10:41 | Well Spring |
| 10:51 | Orb of Venom |
| 11:17 | Frost Arrows |
| 11:32 | Moon Well |
| 12:58 | Ancient of Wind |
| 12:59 | Strength of the Wild |
| 12:59 | Reinforced Hides |
| 13:51 | Moon Well |
| 14:00 | Improved Strength of the Wild |
| 14:02 | Hippogryph |
| 14:02 | Hippogryph |
| 14:02 | Hippogryph |
| 14:15 | Tree of Life |
| 14:18 | Tree of Life |
| 14:32 | Staff of Teleportation |
| 14:32 | Boots of Speed |
| 15:02 | Staff of Sanctuary |
| 15:05 | Staff of Sanctuary |
| 16:09 | Searing Arrows |
| 16:30 | Hippogryph |
| 16:30 | Hippogryph |
| 16:58 | Boots of Speed |
| 17:11 | Wisp |
| 17:14 | Hippogryph |
| 17:14 | Hippogryph |
| 18:30 | Moon Well |
| 19:50 | Entangling Roots |
| 20:05 | Circlet of Nobility |
| 20:05 | Staff of Teleportation |
| 20:07 | Periapt of Vitality |
| 20:12 | Wisp |
| 20:12 | Wisp |
| 21:19 | Potion of Healing |
| 21:22 | Potion of Mana |
| 21:37 | Hippogryph |
| 21:37 | Hippogryph |
| 21:37 | Hippogryph |
| 21:38 | Hippogryph |
| 21:46 | Staff of Sanctuary |
| 23:11 | Hippogryph |
| 23:11 | Hippogryph |
| 23:17 | Wisp |
| 23:17 | Wisp |
| 24:33 | Moon Well |
| 25:52 | Mana Shield |
| 26:15 | Hippogryph |
| 26:15 | Hippogryph |
| 26:15 | Hippogryph |
| Right click | 1653 |
| Select group | 761 |
| Select | 227 |
| Resource trade | 200 |
| Build/train/purchase | 97 |
| Use ability | 74 |
| Misc. action | 41 |
| Chat | 22 |
| Assign group | 15 |
| Minimap ping | 12 |
| Item give/drop | 7 |
| Esc | 2 |



| Staff of Sanctuary | 2 | 500 |
| Staff of Teleportation | 3 | 450 |
| Boots of Speed | 2 | 500 |
| Potion of Invisibility | 1 | 100 |
| Periapt of Vitality | 1 | 325 |
| Orb of Venom | 1 | 325 |
| total: | 10 | 2200g |
| Peasant | 26 | 1950 | / | 0 |
| Sorceress | 2 | 310 | / | 40 |
| Priest | 1 | 135 | / | 10 |
| total: | 29 | 2395g | / | 50w |
| Scout Tower | 75 | 2250 | / | 1500 |
| Arcane Tower | 1 | 70 | / | 50 |
| Guard Tower | 47 | 3290 | / | 2350 |
| Altar of Kings | 1 | 180 | / | 50 |
| Farm | 5 | 400 | / | 100 |
| Lumber Mill | 1 | 120 | / | 0 |
| Arcane Vault | 4 | 520 | / | 120 |
| Town Hall | 1 | 385 | / | 205 |
| Arcane Sanctum | 1 | 150 | / | 140 |
| Keep | 1 | 320 | / | 210 |
| Castle | 1 | 360 | / | 210 |
| total: | 88 | 4005g | / | 2115w |
| 0:01 | Peasant |
| 0:04 | Altar of Kings |
| 0:15 | Peasant |
| 0:17 | Farm |
| 0:21 | Peasant |
| 0:32 | Lumber Mill |
| 0:34 | Peasant |
| 0:51 | Scout Tower |
| 0:56 | Peasant |
| 1:03 | Peasant |
| 1:11 | Farm |
| 1:14 | Farm |
| 1:19 | Arcane Tower |
| 1:26 | Scout Tower |
| 1:29 | Peasant |
| 1:45 | Peasant |
| 1:53 | Guard Tower |
| 2:01 | Scout Tower |
| 2:02 | Peasant |
| 2:09 | Blizzard |
| 2:11 | Peasant |
| 2:20 | Peasant |
| 2:50 | Peasant |
| 2:59 | Guard Tower |
| 3:01 | Arcane Vault |
| 3:02 | Arcane Vault |
| 3:35 | Scout Tower |
| 3:35 | Scout Tower |
| 3:41 | Keep |
| 3:42 | Improved Masonry |
| 3:56 | Scout Tower |
| 3:58 | Scout Tower |
| 3:59 | Scout Tower |
| 3:59 | Scout Tower |
| 4:00 | Scout Tower |
| 4:03 | Guard Tower |
| 4:04 | Guard Tower |
| 4:37 | Guard Tower |
| 4:41 | Staff of Teleportation |
| 4:54 | Scout Tower |
| 4:55 | Scout Tower |
| 5:08 | Guard Tower |
| 5:24 | Guard Tower |
| 5:57 | Brilliance Aura |
| 6:16 | Advanced Masonry |
| 6:31 | Peasant |
| 6:32 | Peasant |
| 6:37 | Scout Tower |
| 6:37 | Scout Tower |
| 6:38 | Scout Tower |
| 6:43 | Scout Tower |
| 6:47 | Peasant |
| 6:48 | Guard Tower |
| 6:53 | Scout Tower |
| 6:54 | Scout Tower |
| 6:54 | Scout Tower |
| 7:04 | Farm |
| 7:06 | Guard Tower |
| 8:20 | Guard Tower |
| 8:21 | Scout Tower |
| 8:22 | Scout Tower |
| 8:22 | Scout Tower |
| 8:38 | Peasant |
| 8:38 | Peasant |
| 8:40 | Storm Bolt |
| 9:12 | Guard Tower |
| 9:22 | Scout Tower |
| 9:23 | Scout Tower |
| 9:26 | Boots of Speed |
| 9:32 | Scout Tower |
| 9:33 | Scout Tower |
| 9:33 | Scout Tower |
| 9:33 | Scout Tower |
| 9:37 | Scout Tower |
| 9:38 | Scout Tower |
| 10:06 | Guard Tower |
| 10:43 | Guard Tower |
| 10:45 | Scout Tower |
| 10:45 | Scout Tower |
| 10:46 | Scout Tower |
| 10:51 | Castle |
| 10:57 | Staff of Teleportation |
| 10:57 | Potion of Invisibility |
| 11:07 | Guard Tower |
| 11:13 | Guard Tower |
| 11:21 | Guard Tower |
| 11:27 | Scout Tower |
| 11:27 | Scout Tower |
| 11:30 | Scout Tower |
| 11:37 | Scout Tower |
| 11:38 | Scout Tower |
| 12:11 | Guard Tower |
| 12:53 | Arcane Vault |
| 13:18 | Imbued Masonry |
| 13:19 | Improved Lumber Harvesting |
| 13:20 | Guard Tower |
| 13:30 | Arcane Vault |
| 13:33 | Guard Tower |
| 13:34 | Scout Tower |
| 13:35 | Scout Tower |
| 13:35 | Scout Tower |
| 13:40 | Peasant |
| 13:40 | Peasant |
| 13:55 | Peasant |
| 14:06 | Arcane Sanctum |
| 14:09 | Peasant |
| 14:30 | Staff of Sanctuary |
| 14:33 | Guard Tower |
| 15:02 | Scout Tower |
| 15:02 | Scout Tower |
| 15:03 | Scout Tower |
| 15:57 | Orb of Venom |
| 16:15 | Blizzard |
| 16:22 | Magic Sentry |
| 16:25 | Guard Tower |
| 16:32 | Holy Light |
| 16:37 | Staff of Sanctuary |
| 16:44 | Staff of Teleportation |
| 16:45 | Periapt of Vitality |
| 16:46 | Boots of Speed |
| 17:10 | Peasant |
| 17:11 | Advanced Lumber Harvesting |
| 17:11 | Peasant |
| 18:35 | Bash |
| 18:39 | Sorceress Adept Training |
| 18:39 | Sorceress |
| 18:48 | Farm |
| 19:13 | Scout Tower |
| 19:14 | Scout Tower |
| 19:14 | Scout Tower |
| 19:31 | Scout Tower |
| 19:36 | Priest |
| 19:39 | Scout Tower |
| 19:39 | Scout Tower |
| 19:40 | Scout Tower |
| 19:47 | Guard Tower |
| 19:48 | Guard Tower |
| 19:51 | Scout Tower |
| 19:52 | Scout Tower |
| 19:53 | Scout Tower |
| 20:23 | Guard Tower |
| 20:34 | Guard Tower |
| 20:37 | Sorceress |
| 20:40 | Guard Tower |
| 21:37 | Scout Tower |
| 21:39 | Scout Tower |
| 21:39 | Scout Tower |
| 21:51 | Sorceress Master Training |
| 22:04 | Scout Tower |
| 22:04 | Scout Tower |
| 22:05 | Scout Tower |
| 22:34 | Scout Tower |
| 22:35 | Guard Tower |
| 22:42 | Scout Tower |
| 22:43 | Scout Tower |
| 22:54 | Scout Tower |
| 23:04 | Guard Tower |
| 23:05 | Guard Tower |
| 23:05 | Guard Tower |
| 23:07 | Scout Tower |
| 23:07 | Scout Tower |
| 23:08 | Scout Tower |
| 23:33 | Guard Tower |
| 23:39 | Town Hall |
| 23:43 | Guard Tower |
| 23:44 | Scout Tower |
| 23:45 | Scout Tower |
| 23:45 | Scout Tower |
| 24:00 | Scout Tower |
| 24:01 | Scout Tower |
| 24:02 | Scout Tower |
| 24:03 | Scout Tower |
| 24:03 | Scout Tower |
| 24:19 | Guard Tower |
| 24:31 | Guard Tower |
| 25:12 | Guard Tower |
| 25:59 | Peasant |
| 25:59 | Peasant |
| 25:59 | Peasant |
| 26:25 | Guard Tower |
| Right click | 1638 |
| Select | 921 |
| Select group | 385 |
| Build/train/purchase | 169 |
| Assign group | 96 |
| Use ability | 85 |
| Chat | 23 |
| Misc. action | 18 |
| Minimap ping | 11 |
| Item give/drop | 5 |
| Remove unit | 4 |



x1)
| Staff of Sanctuary | 2 | 500 |
| Orb of Fire | 1 | 325 |
| Lesser Clarity Potion | 2 | 140 |
| Scroll of Regeneration | 1 | 100 |
| Potion of Healing | 1 | 150 |
| Boots of Speed | 3 | 750 |
| Staff of Teleportation | 3 | 450 |
| Periapt of Vitality | 1 | 325 |
| Tome of Retraining | 1 | 300 |
| Staff of Preservation | 1 | 150 |
| Orb of Venom | 1 | 325 |
| total: | 17 | 3515g |
| Peasant | 23 | 1725 | / | 0 |
| Priest | 2 | 270 | / | 20 |
| Dragonhawk Rider | 3 | 600 | / | 90 |
| total: | 28 | 2595g | / | 110w |
| Scout Tower | 100 | 3000 | / | 2000 |
| Arcane Tower | 4 | 280 | / | 200 |
| Guard Tower | 49 | 3430 | / | 2450 |
| Altar of Kings | 1 | 180 | / | 50 |
| Lumber Mill | 1 | 120 | / | 0 |
| Farm | 6 | 480 | / | 120 |
| Arcane Vault | 3 | 390 | / | 90 |
| Barracks | 2 | 320 | / | 120 |
| Blacksmith | 2 | 280 | / | 120 |
| Arcane Sanctum | 1 | 150 | / | 140 |
| Gryphon Aviary | 2 | 280 | / | 300 |
| Keep | 1 | 320 | / | 210 |
| Castle | 1 | 360 | / | 210 |
| total: | 118 | 5200g | / | 2940w |
| 0:03 | Peasant |
| 0:05 | Altar of Kings |
| 0:09 | Peasant |
| 0:23 | Lumber Mill |
| 0:24 | Peasant |
| 0:30 | Farm |
| 0:43 | Peasant |
| 0:59 | Peasant |
| 1:28 | Peasant |
| 1:31 | Farm |
| 1:56 | Scout Tower |
| 1:57 | Peasant |
| 1:58 | Peasant |
| 2:01 | Scout Tower |
| 2:01 | Scout Tower |
| 2:02 | Scout Tower |
| 2:03 | Peasant |
| 2:37 | Summon Water Elemental |
| 2:41 | Peasant |
| 2:43 | Scout Tower |
| 2:44 | Scout Tower |
| 2:45 | Arcane Tower |
| 2:46 | Arcane Tower |
| 2:47 | Scout Tower |
| 2:49 | Scout Tower |
| 2:49 | Scout Tower |
| 2:51 | Guard Tower |
| 2:55 | Peasant |
| 2:57 | Guard Tower |
| 3:02 | Peasant |
| 3:06 | Peasant |
| 3:16 | Guard Tower |
| 3:17 | Scout Tower |
| 3:20 | Peasant |
| 3:24 | Peasant |
| 3:34 | Peasant |
| 3:37 | Guard Tower |
| 3:38 | Scout Tower |
| 3:47 | Guard Tower |
| 3:48 | Scout Tower |
| 3:49 | Scout Tower |
| 4:13 | Guard Tower |
| 4:14 | Scout Tower |
| 4:15 | Scout Tower |
| 4:16 | Keep |
| 4:22 | Guard Tower |
| 4:30 | Scout Tower |
| 4:30 | Scout Tower |
| 5:10 | Brilliance Aura |
| 5:14 | Guard Tower |
| 5:16 | Scout Tower |
| 5:16 | Scout Tower |
| 5:49 | Guard Tower |
| 5:52 | Farm |
| 5:53 | Farm |
| 5:57 | Improved Masonry |
| 5:58 | Scout Tower |
| 6:04 | Guard Tower |
| 6:12 | Guard Tower |
| 6:14 | Scout Tower |
| 6:15 | Scout Tower |
| 6:25 | Boots of Speed |
| 6:32 | Arcane Tower |
| 6:40 | Improved Lumber Harvesting |
| 7:08 | Castle |
| 7:39 | Storm Bolt |
| 7:49 | Guard Tower |
| 7:51 | Scout Tower |
| 7:54 | Arcane Sanctum |
| 8:30 | Guard Tower |
| 8:31 | Scout Tower |
| 8:56 | Boots of Speed |
| 8:56 | Staff of Teleportation |
| 9:06 | Guard Tower |
| 9:07 | Scout Tower |
| 9:32 | Advanced Masonry |
| 9:32 | Advanced Lumber Harvesting |
| 9:35 | Magic Sentry |
| 9:39 | Arcane Tower |
| 10:17 | Scout Tower |
| 10:18 | Scout Tower |
| 10:35 | Holy Light |
| 10:44 | Guard Tower |
| 10:46 | Scout Tower |
| 10:47 | Scout Tower |
| 10:53 | Boots of Speed |
| 10:59 | Staff of Teleportation |
| 11:06 | Arcane Vault |
| 11:07 | Arcane Vault |
| 11:10 | Imbued Masonry |
| 11:15 | Staff of Teleportation |
| 11:29 | Periapt of Vitality |
| 11:42 | Guard Tower |
| 11:42 | Guard Tower |
| 11:44 | Scout Tower |
| 11:44 | Scout Tower |
| 11:47 | Priest Adept Training |
| 11:47 | Priest |
| 13:00 | Staff of Preservation |
| 13:02 | Scout Tower |
| 13:06 | Guard Tower |
| 13:07 | Scout Tower |
| 13:08 | Scout Tower |
| 13:18 | Priest |
| 13:21 | Staff of Sanctuary |
| 13:34 | Peasant |
| 13:34 | Peasant |
| 13:34 | Peasant |
| 13:38 | Guard Tower |
| 13:40 | Scout Tower |
| 13:41 | Scout Tower |
| 13:42 | Scout Tower |
| 13:55 | Farm |
| 13:58 | Peasant |
| 13:58 | Peasant |
| 14:16 | Guard Tower |
| 14:28 | Scout Tower |
| 14:29 | Scout Tower |
| 14:30 | Scout Tower |
| 14:30 | Scout Tower |
| 14:30 | Scout Tower |
| 14:31 | Scout Tower |
| 14:32 | Scout Tower |
| 14:33 | Scout Tower |
| 14:34 | Scout Tower |
| 14:34 | Scout Tower |
| 14:35 | Scout Tower |
| 14:36 | Scout Tower |
| 14:37 | Scout Tower |
| 14:37 | Scout Tower |
| 14:38 | Summon Water Elemental |
| 14:39 | Bash |
| 14:49 | Peasant |
| 14:49 | Peasant |
| 14:56 | Guard Tower |
| 14:59 | Scout Tower |
| 15:01 | Scout Tower |
| 15:05 | Guard Tower |
| 15:13 | Guard Tower |
| 15:15 | Scout Tower |
| 15:19 | Scout Tower |
| 15:20 | Scout Tower |
| 15:20 | Scout Tower |
| 15:28 | Scout Tower |
| 15:30 | Guard Tower |
| 15:32 | Scout Tower |
| 15:33 | Scout Tower |
| 15:34 | Scout Tower |
| 15:43 | Guard Tower |
| 15:46 | Scout Tower |
| 15:46 | Scout Tower |
| 15:48 | Arcane Vault |
| 15:54 | Guard Tower |
| 15:56 | Scout Tower |
| 15:57 | Scout Tower |
| 15:58 | Guard Tower |
| 16:16 | Guard Tower |
| 16:18 | Scout Tower |
| 16:18 | Scout Tower |
| 16:21 | Guard Tower |
| 16:23 | Guard Tower |
| 16:25 | Guard Tower |
| 16:26 | Scout Tower |
| 16:27 | Scout Tower |
| 16:29 | Guard Tower |
| 16:32 | Scout Tower |
| 16:35 | Scout Tower |
| 16:35 | Scout Tower |
| 16:43 | Staff of Sanctuary |
| 16:48 | Orb of Fire |
| 16:49 | Guard Tower |
| 16:54 | Scout Tower |
| 16:56 | Scout Tower |
| 16:57 | Guard Tower |
| 17:02 | Scout Tower |
| 17:03 | Scout Tower |
| 17:03 | Scout Tower |
| 17:05 | Guard Tower |
| 17:07 | Scout Tower |
| 17:08 | Scout Tower |
| 17:47 | Orb of Venom |
| 17:48 | Guard Tower |
| 18:00 | Guard Tower |
| 18:22 | Guard Tower |
| 18:24 | Scout Tower |
| 18:25 | Scout Tower |
| 18:25 | Scout Tower |
| 18:25 | Scout Tower |
| 18:27 | Guard Tower |
| 18:31 | Scout Tower |
| 18:32 | Scout Tower |
| 18:33 | Scout Tower |
| 18:34 | Scout Tower |
| 18:42 | Guard Tower |
| 18:46 | Scout Tower |
| 19:45 | Guard Tower |
| 19:47 | Scout Tower |
| 19:48 | Scout Tower |
| 20:32 | Guard Tower |
| 20:33 | Scout Tower |
| 20:34 | Scout Tower |
| 20:42 | Guard Tower |
| 20:57 | Gryphon Aviary |
| 21:00 | Barracks |
| 21:01 | Blacksmith |
| 21:05 | Scout Tower |
| 21:05 | Scout Tower |
| 21:08 | Scout Tower |
| 21:42 | Scout Tower |
| 21:42 | Scout Tower |
| 21:43 | Scout Tower |
| 21:44 | Scout Tower |
| 21:51 | Gryphon Aviary |
| 21:53 | Blacksmith |
| 21:54 | Barracks |
| 22:15 | Tome of Retraining |
| 22:15 | Retrain Hero |
| 22:16 | Blizzard |
| 22:17 | Brilliance Aura |
| 22:34 | Guard Tower |
| 22:37 | Guard Tower |
| 23:12 | Storm Bolt |
| 23:36 | Guard Tower |
| 23:51 | Scout Tower |
| 24:52 | Lesser Clarity Potion |
| 25:13 | Guard Tower |
| 25:19 | Scroll of Regeneration |
| 25:20 | Lesser Clarity Potion |
| 25:29 | Animal War Training |
| 25:30 | Iron Forged Swords |
| 25:30 | Studded Leather Armor |
| 25:31 | Dragonhawk Rider |
| 25:54 | Potion of Healing |
| 26:28 | Dragonhawk Rider |
| 26:28 | Dragonhawk Rider |
| 26:30 | Farm |
| 26:33 | Guard Tower |
| Right click | 1760 |
| Select | 558 |
| Select group | 557 |
| Assign group | 289 |
| Build/train/purchase | 220 |
| Use ability | 85 |
| Misc. action | 19 |
| Remove unit | 8 |
| Chat | 7 |
| Item give/drop | 4 |
| Minimap ping | 1 |
164 units @ 25.9k
/ 4.8k
76 buildings @ 10.9k
/ 4.5k


| Rod of Necromancy | 2 | 300 |
| Orb of Corruption | 1 | 375 |
| total: | 3 | 675g |
| Acolyte | 9 | 675 | / | 0 |
| Ghoul | 2 | 240 | / | 0 |
| Crypt Fiend | 11 | 2365 | / | 440 |
| Obsidian Statue | 1 | 200 | / | 35 |
| Abomination | 3 | 720 | / | 210 |
| Meat Wagon | 6 | 1380 | / | 300 |
| Rogue | 1 | 150 | / | 0 |
| total: | 33 | 5730g | / | 985w |
| Graveyard | 1 | 215 | / | 0 |
| Crypt | 1 | 200 | / | 50 |
| Ziggurat | 8 | 1200 | / | 400 |
| Altar of Darkness | 1 | 180 | / | 50 |
| Tomb of Relics | 1 | 130 | / | 30 |
| Necropolis | 1 | 225 | / | 0 |
| Slaughterhouse | 2 | 280 | / | 270 |
| Halls of the Dead | 1 | 320 | / | 210 |
| Black Citadel | 1 | 325 | / | 230 |
| total: | 15 | 2430g | / | 800w |
| 0:03 | Acolyte |
| 0:03 | Acolyte |
| 0:07 | Graveyard |
| 0:18 | Crypt |
| 0:40 | Ziggurat |
| 1:03 | Altar of Darkness |
| 1:13 | Tomb of Relics |
| 1:24 | Ghoul |
| 1:37 | Ghoul |
| 1:51 | Ziggurat |
| 2:12 | Crypt Fiend |
| 2:12 | Crypt Fiend |
| 2:35 | Crypt Fiend |
| 3:02 | Rod of Necromancy |
| 3:05 | Death Coil |
| 3:21 | Crypt Fiend |
| 3:48 | Crypt Fiend |
| 3:52 | Ziggurat |
| 4:15 | Crypt Fiend |
| 4:21 | Unholy Aura |
| 4:24 | Rogue |
| 4:43 | Ziggurat |
| 5:01 | Crypt Fiend |
| 5:11 | Rod of Necromancy |
| 5:56 | Halls of the Dead |
| 6:01 | Crypt Fiend |
| 6:18 | Ziggurat |
| 6:43 | Death Coil |
| 7:59 | Crypt Fiend |
| 8:30 | Unholy Aura |
| 8:35 | Crypt Fiend |
| 8:38 | Slaughterhouse |
| 8:39 | Slaughterhouse |
| 8:41 | Black Citadel |
| 9:24 | Crypt Fiend |
| 9:29 | Ziggurat |
| 10:14 | Obsidian Statue |
| 10:28 | Frost Nova |
| 11:07 | Abomination |
| 11:25 | Orb of Corruption |
| 11:43 | Disease Cloud |
| 12:19 | Abomination |
| 13:01 | Death Coil |
| 13:02 | Frost Armor |
| 13:59 | Web |
| 14:24 | Frost Nova |
| 14:34 | Abomination |
| 15:17 | Acolyte |
| 16:00 | Destroyer Form |
| 16:03 | Ziggurat |
| 16:03 | Ziggurat |
| 16:06 | Unholy Strength |
| 16:13 | Necropolis |
| 17:12 | Meat Wagon |
| 17:18 | Meat Wagon |
| 18:17 | Meat Wagon |
| 18:35 | Meat Wagon |
| 18:46 | Acolyte |
| 18:47 | Acolyte |
| 19:37 | Meat Wagon |
| 21:39 | Meat Wagon |
| 21:42 | Acolyte |
| 21:42 | Acolyte |
| 21:44 | Acolyte |
| 21:44 | Acolyte |
| 21:47 | Improved Unholy Strength |
| 24:11 | Animate Dead |
| 24:13 | Frost Armor |
| Right click | 1257 |
| Select group | 657 |
| Select | 353 |
| Build/train/purchase | 70 |
| Use ability | 60 |
| Assign group | 53 |
| Misc. action | 32 |
| Minimap ping | 4 |


| Rod of Necromancy | 2 | 300 |
| Orb of Corruption | 1 | 375 |
| Potion of Healing | 6 | 900 |
| Potion of Mana | 4 | 800 |
| Scroll of Town Portal | 4 | 1400 |
| Scroll of Healing | 1 | 250 |
| total: | 18 | 4025g |
| Acolyte | 2 | 150 | / | 0 |
| Ghoul | 3 | 360 | / | 0 |
| Crypt Fiend | 7 | 1505 | / | 280 |
| Frost Wyrm | 10 | 3850 | / | 1200 |
| total: | 22 | 5865g | / | 1480w |
| Nerubian Tower | 1 | 100 | / | 20 |
| Graveyard | 1 | 215 | / | 0 |
| Crypt | 1 | 200 | / | 50 |
| Altar of Darkness | 1 | 180 | / | 50 |
| Ziggurat | 7 | 1050 | / | 350 |
| Tomb of Relics | 1 | 130 | / | 30 |
| Sacrificial Pit | 1 | 75 | / | 150 |
| Boneyard | 2 | 350 | / | 400 |
| Halls of the Dead | 1 | 320 | / | 210 |
| Black Citadel | 1 | 325 | / | 230 |
| total: | 14 | 2200g | / | 1030w |
| 0:03 | Acolyte |
| 0:03 | Acolyte |
| 0:18 | Graveyard |
| 0:23 | Crypt |
| 0:41 | Altar of Darkness |
| 0:57 | Ziggurat |
| 1:14 | Tomb of Relics |
| 1:25 | Ghoul |
| 1:49 | Crypt Fiend |
| 2:00 | Ziggurat |
| 2:22 | Crypt Fiend |
| 2:46 | Death Coil |
| 2:48 | Rod of Necromancy |
| 2:54 | Nerubian Tower |
| 3:39 | Halls of the Dead |
| 3:42 | Ghoul |
| 3:53 | Unholy Aura |
| 4:00 | Crypt Fiend |
| 4:32 | Crypt Fiend |
| 4:35 | Ziggurat |
| 4:53 | Ziggurat |
| 5:03 | Ghoul |
| 5:06 | Creature Attack |
| 5:38 | Creature Carapace |
| 5:48 | Death Coil |
| 6:00 | Black Citadel |
| 6:38 | Rod of Necromancy |
| 7:17 | Crypt Fiend |
| 7:21 | Sacrificial Pit |
| 7:27 | Frost Nova |
| 7:42 | Web |
| 8:27 | Boneyard |
| 8:28 | Boneyard |
| 8:49 | Frost Armor |
| 9:31 | Ziggurat |
| 9:38 | Unholy Aura |
| 10:21 | Frost Wyrm |
| 10:24 | Ziggurat |
| 10:25 | Frost Wyrm |
| 10:31 | Frost Nova |
| 11:14 | Orb of Corruption |
| 11:17 | Freezing Breath |
| 11:42 | Frost Wyrm |
| 12:20 | Frost Wyrm |
| 12:25 | Ziggurat |
| 13:29 | Frost Wyrm |
| 14:19 | Frost Wyrm |
| 14:55 | Frost Wyrm |
| 16:31 | Frost Armor |
| 16:32 | Unholy Aura |
| 17:58 | Scroll of Town Portal |
| 17:58 | Potion of Healing |
| 18:03 | Crypt Fiend |
| 19:35 | Potion of Mana |
| 19:38 | Potion of Mana |
| 20:34 | Potion of Healing |
| 21:24 | Frost Nova |
| 21:39 | Frost Wyrm |
| 21:41 | Crypt Fiend |
| 21:44 | Scroll of Healing |
| 21:51 | Scroll of Town Portal |
| 21:51 | Potion of Mana |
| 21:56 | Potion of Healing |
| 22:55 | Potion of Healing |
| 22:59 | Frost Wyrm |
| 23:35 | Death Coil |
| 23:40 | Potion of Healing |
| 24:11 | Scroll of Town Portal |
| 25:00 | Scroll of Town Portal |
| 25:22 | Potion of Healing |
| 26:08 | Potion of Mana |
| 26:55 | Frost Wyrm |
| Right click | 814 |
| Select group | 763 |
| Select | 281 |
| Assign group | 131 |
| Misc. action | 110 |
| Build/train/purchase | 95 |
| Use ability | 64 |
| Chat | 11 |
| Item give/drop | 4 |
| Remove unit | 1 |

| Scroll of Regeneration | 1 | 100 |
| Potion of Healing | 2 | 300 |
| Scroll of Town Portal | 2 | 700 |
| total: | 5 | 1100g |
| Peasant | 12 | 900 | / | 0 |
| Rifleman | 8 | 1640 | / | 240 |
| Priest | 4 | 540 | / | 40 |
| Flying Machine | 10 | 1000 | / | 300 |
| Mortar Team | 7 | 1260 | / | 490 |
| Siege Engine | 3 | 585 | / | 180 |
| total: | 44 | 5925g | / | 1250w |
| Scout Tower | 3 | 90 | / | 60 |
| Arcane Tower | 2 | 140 | / | 100 |
| Guard Tower | 1 | 70 | / | 50 |
| Farm | 13 | 1040 | / | 260 |
| Altar of Kings | 1 | 180 | / | 50 |
| Lumber Mill | 1 | 120 | / | 0 |
| Barracks | 2 | 320 | / | 120 |
| Blacksmith | 1 | 140 | / | 60 |
| Arcane Vault | 1 | 130 | / | 30 |
| Town Hall | 1 | 385 | / | 205 |
| Arcane Sanctum | 1 | 150 | / | 140 |
| Workshop | 2 | 280 | / | 280 |
| Keep | 1 | 320 | / | 210 |
| Castle | 1 | 360 | / | 210 |
| total: | 26 | 2835g | / | 1205w |
| 0:06 | Peasant |
| 0:06 | Peasant |
| 0:24 | Peasant |
| 0:34 | Farm |
| 0:44 | Altar of Kings |
| 0:48 | Peasant |
| 0:55 | Lumber Mill |
| 1:01 | Barracks |
| 1:04 | Peasant |
| 1:22 | Blacksmith |
| 1:38 | Peasant |
| 1:38 | Peasant |
| 1:57 | Farm |
| 2:00 | Peasant |
| 2:14 | Scout Tower |
| 2:38 | Rifleman |
| 2:41 | Barracks |
| 2:49 | Arcane Tower |
| 2:56 | Scout Tower |
| 2:57 | Holy Light |
| 3:03 | Scout Tower |
| 3:09 | Rifleman |
| 3:22 | Guard Tower |
| 3:35 | Arcane Tower |
| 3:44 | Farm |
| 4:32 | Rifleman |
| 4:45 | Keep |
| 4:54 | Black Gunpowder |
| 4:54 | Refined Gunpowder |
| 5:03 | Farm |
| 5:20 | Arcane Vault |
| 5:55 | Farm |
| 5:57 | Rifleman |
| 5:59 | Rifleman |
| 6:13 | Devotion Aura |
| 6:21 | Studded Leather Armor |
| 6:31 | Farm |
| 6:37 | Rifleman |
| 6:50 | Rifleman |
| 7:11 | Arcane Sanctum |
| 8:03 | Devotion Aura |
| 8:12 | Long Rifles |
| 8:15 | Improved Lumber Harvesting |
| 8:37 | Priest Adept Training |
| 8:52 | Castle |
| 9:15 | Holy Light |
| 9:50 | Improved Masonry |
| 9:52 | Priest |
| 10:03 | Farm |
| 10:05 | Farm |
| 10:31 | Reinforced Leather Armor |
| 11:04 | Workshop |
| 11:05 | Advanced Masonry |
| 11:43 | Town Hall |
| 11:45 | Advanced Lumber Harvesting |
| 12:33 | Scroll of Town Portal |
| 12:36 | Flak Cannons |
| 12:40 | Scroll of Regeneration |
| 13:31 | Priest Master Training |
| 13:32 | Priest |
| 13:34 | Flying Machine |
| 13:34 | Flying Machine |
| 13:35 | Flying Machine |
| 13:35 | Flying Machine |
| 14:01 | Priest |
| 14:04 | Rifleman |
| 14:20 | Holy Light |
| 14:36 | Flying Machine |
| 14:37 | Flying Machine |
| 14:37 | Flying Machine |
| 15:08 | Peasant |
| 15:08 | Peasant |
| 15:09 | Peasant |
| 15:09 | Peasant |
| 15:21 | Flying Machine |
| 15:21 | Flying Machine |
| 15:21 | Flying Machine |
| 15:23 | Priest |
| 15:25 | Farm |
| 15:27 | Farm |
| 15:40 | Fragmentation Shards |
| 15:40 | Mortar Team |
| 15:40 | Mortar Team |
| 16:44 | Workshop |
| 16:49 | Mortar Team |
| 18:19 | Scroll of Town Portal |
| 18:25 | Potion of Healing |
| 18:34 | Mortar Team |
| 18:34 | Mortar Team |
| 18:45 | Potion of Healing |
| 19:13 | Mortar Team |
| 19:15 | Farm |
| 19:17 | Farm |
| 19:21 | Siege Engine |
| 19:51 | Farm |
| 19:57 | Mortar Team |
| 21:16 | Imbued Gunpowder |
| 22:48 | Siege Engine |
| 22:49 | Siege Engine |
| 22:49 | Barrage |
| 22:56 | Resurrection |
| 25:44 | Dragonhide Armor |
| Right click | 1464 |
| Select | 470 |
| Build/train/purchase | 91 |
| Misc. action | 19 |
| Use ability | 14 |
| Minimap ping | 1 |

x1)
| Healing Salve | 1 | 100 |
| Lesser Clarity Potion | 1 | 70 |
| Scroll of Speed | 1 | 50 |
| Orb of Lightning | 1 | 375 |
| Scroll of Town Portal | 1 | 350 |
| Staff of Teleportation | 1 | 150 |
| Tome of Retraining | 1 | 300 |
| Potion of Lesser Invulnerability | 1 | 150 |
| total: | 8 | 1545g |
| Peon | 16 | 1200 | / | 0 |
| Troll Headhunter | 13 | 1820 | / | 260 |
| Shaman | 13 | 1690 | / | 260 |
| Kodo Beast | 2 | 510 | / | 120 |
| Troll Berserker | 17 | 2380 | / | 340 |
| Troll Witch Doctor | 2 | 290 | / | 50 |
| Demolisher | 2 | 440 | / | 100 |
| total: | 65 | 8330g | / | 1130w |
| Watch Tower | 4 | 440 | / | 320 |
| Orc Burrow | 8 | 1280 | / | 320 |
| Altar of Storms | 1 | 180 | / | 50 |
| War Mill | 1 | 205 | / | 0 |
| Barracks | 2 | 360 | / | 100 |
| Voodoo Lounge | 1 | 130 | / | 30 |
| Great Hall | 1 | 385 | / | 185 |
| Beastiary | 1 | 145 | / | 140 |
| Spirit Lodge | 2 | 300 | / | 300 |
| Stronghold | 1 | 315 | / | 190 |
| Fortress | 1 | 325 | / | 190 |
| total: | 21 | 3425g | / | 1445w |
| 0:01 | Peon |
| 0:12 | Peon |
| 0:18 | Orc Burrow |
| 0:23 | Peon |
| 0:35 | Altar of Storms |
| 0:44 | Peon |
| 0:51 | War Mill |
| 0:57 | Peon |
| 1:07 | Barracks |
| 1:14 | Peon |
| 1:24 | Peon |
| 1:42 | Orc Burrow |
| 1:47 | Peon |
| 2:08 | Troll Headhunter |
| 2:08 | Troll Headhunter |
| 2:17 | Voodoo Lounge |
| 2:28 | Troll Headhunter |
| 2:34 | Troll Headhunter |
| 2:38 | War Stomp |
| 2:49 | Troll Headhunter |
| 3:11 | Troll Headhunter |
| 3:16 | Stronghold |
| 3:27 | Troll Headhunter |
| 3:42 | Troll Headhunter |
| 4:03 | Orc Burrow |
| 4:06 | Healing Salve |
| 4:10 | Lesser Clarity Potion |
| 4:38 | Troll Headhunter |
| 4:44 | Orc Burrow |
| 4:53 | Endurance Aura |
| 5:07 | Troll Headhunter |
| 5:10 | Steel Ranged Weapons |
| 5:37 | Fortress |
| 5:40 | Troll Headhunter |
| 5:59 | War Stomp |
| 6:22 | Great Hall |
| 6:25 | Troll Headhunter |
| 6:36 | Beastiary |
| 7:40 | Endurance Aura |
| 8:34 | Spirit Lodge |
| 8:37 | Spirit Lodge |
| 8:38 | Peon |
| 8:38 | Peon |
| 8:42 | Berserker Upgrade |
| 8:45 | Peon |
| 8:45 | Peon |
| 9:20 | Troll Headhunter |
| 9:22 | War Drums Damage Increase |
| 9:26 | Orc Burrow |
| 9:28 | Thorium Ranged Weapons |
| 9:43 | Peon |
| 9:43 | Peon |
| 9:43 | Peon |
| 9:43 | Peon |
| 9:51 | Shaman Adept Training |
| 9:56 | Shaman |
| 9:56 | Shaman |
| 10:33 | Shaman |
| 10:34 | Kodo Beast |
| 10:34 | Kodo Beast |
| 10:38 | War Stomp |
| 10:50 | Orc Burrow |
| 10:52 | Watch Tower |
| 10:54 | Watch Tower |
| 10:54 | Watch Tower |
| 11:33 | Shaman Master Training |
| 11:35 | Shaman |
| 11:46 | Watch Tower |
| 12:16 | Shaman |
| 12:17 | Shaman |
| 12:19 | Troll Berserker |
| 12:19 | Troll Berserker |
| 13:20 | Barracks |
| 13:30 | Troll Berserker |
| 13:30 | Troll Berserker |
| 13:36 | Shaman |
| 13:39 | Shaman |
| 13:40 | Troll Berserker |
| 13:58 | Arcanite Ranged Weapons |
| 14:13 | Troll Berserker |
| 14:17 | Scroll of Speed |
| 14:26 | Orb of Lightning |
| 14:50 | Staff of Teleportation |
| 14:59 | Scroll of Town Portal |
| 15:23 | Troll Berserker |
| 15:32 | Steel Armor |
| 16:16 | Backpack |
| 16:34 | Troll Berserker |
| 16:39 | Shaman |
| 16:41 | Thorium Armor |
| 17:37 | Shaman |
| 18:20 | Tome of Retraining |
| 18:20 | Retrain Hero |
| 18:24 | Shockwave |
| 18:25 | Shockwave |
| 18:25 | Endurance Aura |
| 18:38 | Troll Berserker |
| 18:42 | Shaman |
| 18:43 | Arcanite Armor |
| 19:12 | Troll Berserker |
| 19:15 | Troll Regeneration |
| 20:16 | Troll Berserker |
| 20:19 | Shaman |
| 20:28 | Orc Burrow |
| 20:29 | Orc Burrow |
| 20:41 | Witch Doctor Adept Training |
| 20:58 | Reincarnation |
| 21:19 | Potion of Lesser Invulnerability |
| 21:34 | Troll Witch Doctor |
| 21:43 | Witch Doctor Master Training |
| 22:26 | Reinforced Defenses |
| 22:26 | Spiked Barricades |
| 23:11 | Troll Berserker |
| 23:17 | Troll Berserker |
| 23:18 | Troll Berserker |
| 23:18 | Troll Berserker |
| 23:19 | Troll Berserker |
| 23:22 | Troll Witch Doctor |
| 23:40 | Burning Oil |
| 23:41 | Demolisher |
| 23:44 | Demolisher |
| 25:55 | Shaman |
| 26:57 | Troll Berserker |
| Right click | 1070 |
| Select group | 670 |
| Select | 402 |
| Build/train/purchase | 125 |
| Assign group | 45 |
| Use ability | 31 |
| Remove unit | 14 |
| Item give/drop | 4 |
⇛